AoeStats
← Stkk6995

MegaRandom

507379766Analyzed
4v4 RM · 2mo ago on Sep 18, 2026· 67m 24s· 8 players
Game mode
Random Map
Map size
Large (8 player)
Population
200
Speed
Normal
Resources
Standard
Victory
Conquest
Starting age
Dark Age
Ending age
Imperial Age
RankedLock teamsTeams togetherTeam positionsShared explorationLock speedFull tech treeHidden civsTurbo modeCheats
Victory
Defeat
🇺🇸 Italians · United States
807
+6
🇨🇴 Persians · Colombia
769
+7
🇲🇽 Romans · Mexico
744
+8
🇮🇳 Lithuanians · India
716
+9
vs
🇩🇪 Burmese · Germany
692
-12
🇨🇿 Tatars · Czechia
545
-7
🇫🇷 Cumans · France
494
-6
🇺🇸 Berbers · United States
448
-5
metro86
4:29 Loom
armand.clement.1234
0:29 Loom
10:06 Feudal Age
11:43 Wheelbarrow
11:03 Double-Bit Axe
11:03 Horse Collar
12:37 Town Watch
13:33 Gold Mining
16:52 Fishing Lines
21:03 Stone Mining
21:26 Fishing Lines
27:06 Castle Age
25:54 Fletching
27:39 Scale Barding Armor
28:30 Gold Shaft Mining
28:15 Hand Cart
28:03 Town Patrol
29:00 Bodkin Arrow
31:04 Steppe Husbandry
32:01 Chain Barding Armor
31:43 Padded Archer Armor
35:04 Imperial Age
34:02 Bloodlines
35:16 Bow Saw
35:10 Heavy Plow
35:37 Elite Steppe Lancer
39:17 Ballistics
38:54 Murder Holes
40:00 Chemistry
39:12 Masonry
40:01 Conscription
40:20 Hoardings
42:23 Cuman Mercenaries
42:57 Sappers
51:34 Leather Archer Armor
ladyzika
0:42 Loom
11:28 Feudal Age
12:51 Horse Collar
13:44 Double-Bit Axe
16:28 Man-at-Arms
28:00 Castle Age
harperb09
12:00 Feudal Age
14:28 Wheelbarrow
14:35 Fishing Lines
15:32 Double-Bit Axe
21:55 Castle Age
21:12 Fletching
21:24 Padded Archer Armor
22:10 Horse Collar
24:38 Gillnets
26:22 Hand Cart
26:12 Heavy Plow
27:14 Gold Mining
27:15 Stone Mining
27:25 Stone Mining
27:54 Bow Saw
30:18 Caravan
31:08 Gold Shaft Mining
31:12 Stone Shaft Mining
Laxbrody4
5:27 Loom
11:28 Feudal Age
12:09 Double-Bit Axe
13:14 Fletching
18:24 Horse Collar
22:39 Castle Age
22:26 Stone Mining
22:32 Gold Mining
22:40 Crossbowman
23:18 Bodkin Arrow
25:37 Padded Archer Armor
26:54 Leather Archer Armor
26:53 Bow Saw
37:18 Stone Shaft Mining
39:47 Imperial Age
38:29 Heavy Plow
40:29 Wheelbarrow
39:53 Arbalester
40:41 Thumb Ring
41:28 Bracer
43:13 Hand Cart
44:08 Chemistry
48:55 Ballistics
48:13 Light Cavalry
48:57 Town Watch
48:55 Treadmill Crane
50:26 Two-Man Saw
49:59 Crop Rotation
49:55 Conscription
49:04 Hussar
49:45 Husbandry
49:57 Bloodlines
50:15 Town Patrol
52:06 Masonry
52:08 Murder Holes
52:47 Scale Barding Armor
52:53 Forging
55:57 Chain Barding Armor
56:08 Ring Archer Armor
56:13 Iron Casting
57:48 Architecture
59:53 Plate Barding Armor
60:19 Blast Furnace
ERIKXG20
1:38 Loom
11:41 Feudal Age
12:09 Double-Bit Axe
18:49 Gold Mining
22:51 Castle Age
22:54 Stone Mining
25:48 Ballistas
28:08 Wheelbarrow
28:43 Gold Shaft Mining
28:41 Fervor
28:56 Bow Saw
31:39 Hand Cart
32:07 Ballistics
33:02 Forging
32:57 Scale Barding Armor
32:51 Horse Collar
32:57 Fishing Lines
35:02 Masonry
43:10 Imperial Age
41:40 Iron Casting
41:26 Chain Barding Armor
43:20 Capped Ram
45:06 Heavy Scorpion
47:07 Chemistry
48:22 Elite Centurion
49:46 Gillnets
50:06 Town Watch
51:56 Fletching
53:07 Blast Furnace
53:57 Chain Barding Armor
55:48 Conscription
54:59 Sappers
56:22 Town Patrol
56:26 Caravan
58:12 Plate Barding Armor
Khan
10:31 Feudal Age
16:58 Castle Age
14:46 Loom
29:37 Double-Bit Axe
30:08 Scale Barding Armor
30:14 Forging
31:58 Chain Barding Armor
31:50 Fishing Lines
33:04 Iron Casting
36:02 Gillnets
37:24 Husbandry
37:36 Bloodlines
41:17 Wheelbarrow
40:28 Town Watch
42:49 Bow Saw
50:55 Imperial Age
53:37 Cavalier
59:23 Paladin
Stkk6995
11:58 Feudal Age
13:04 Horse Collar
14:21 Double-Bit Axe
21:21 Bloodlines
22:06 Gold Mining
25:38 Castle Age
23:55 Scale Barding Armor
27:13 Bow Saw
26:28 Light Cavalry
30:21 Forging
31:06 Wheelbarrow
31:48 Gold Mining
31:49 Stone Mining
32:42 Heavy Plow
33:27 Gold Shaft Mining
35:00 Stone Shaft Mining
37:45 Hand Cart
38:01 Husbandry
39:08 Chain Barding Armor
39:24 Iron Casting
45:48 Imperial Age
44:47 Ballistics
45:57 Cavalier
47:25 Plate Barding Armor
47:52 Blast Furnace
48:20 Two-Man Saw
49:25 Savar
61:01 Kamandaran
Connection lost

Rejoining the realm…

Still unreachable

The connection could not be restored.

Session expired

The server has moved on; the page needs a fresh start.